 Dungeon Crawl Stone Soup version 0.29-a0-266-gf56f883ddd (webtiles) character file.

Game seed: 3600331347835167009

1831 Armakuni the Carver (level 9, -6/57 (62) HPs)
             Began as a Human Wanderer on Mar 6, 2022.
             Mangled by a wight
             ... wielding a +5 hand axe
              (8 damage)
             ... on level 6 of the Dungeon.
             The game lasted 00:18:03 (7391 turns).

Armakuni the Carver (Human Wanderer)                Turns: 7391, Time: 00:18:04

HP:   -6/57 (62)    AC:  6    Str: 18    XL:     9   Next: 33%
MP:   9/9           EV: 11    Int: 15    God:
Gold: 99            SH:  0    Dex: 13    Spells: 8/8 levels left

rFire   + . .      SeeInvis .   a - +1 great sword (flame)
rCold   . . .      Faith    .   (shield currently unavailable)
rNeg    . . .      Spirit   .   i - +3 leather armour
rPois   .          Reflect  .   k - +0 hat
rElec   .          Harm     .   (no cloak)
rCorr   +          Rampage  .   (no gloves)
Will    .....                   (no boots)
Stlth   +.........              (no amulet)
HPRegen 0.19/turn               W - ring of wizardry
MPRegen 0.11/turn               K - ring of resist corrosion

@: drained
A: clever 1, fire resistance 1, strong 1
a: no special abilities


You were on level 6 of the Dungeon.
You visited 1 branch of the dungeon, and saw 6 of its levels.

You collected 355 gold pieces.
You spent 256 gold pieces at shops.

Inventory:

Hand Weapons
 a - a +1 great sword of flaming (weapon)
 b - a +0 dagger of venom
 h - a +0 scimitar
 r - a +0 vorpal hand crossbow
Missiles
 c - 6 poisoned darts (quivered)
Armour
 i - a +3 leather armour (worn)
 k - a +0 hat (worn)
 o - a +0 plate armour
Jewellery
 D - a +6 ring of dexterity
 K - a ring of resist corrosion (right hand)
 W - a ring of wizardry (left hand)
Scrolls
 e - a scroll of blinking
 f - a scroll of fear
 l - 2 scrolls of enchant armour
 m - a scroll of holy word
 p - 2 scrolls of identify
Potions
 d - 2 potions of curing
 g - a potion of haste
 j - a potion of magic
 n - a potion of flight
 q - a potion of heal wounds {unknown}
 s - a potion of might


   Skills:
 - Level 2.8 Fighting
 + Level 11.1 Long Blades
 - Level 2.0 Crossbows
 - Level 4.0 Throwing
 - Level 1.0 Armour
 - Level 1.0 Stealth


You had 8 spell levels left.
You didn't know any spells.
Your spell library contained the following spells:

 Spells                   Type           Power      Damage    Failure   Level
 Pain                     Necr           0%         1d4       13%         1
 Sandblast                Erth           0%         2d4       13%         1
 Corpse Rot               Necr/Air       0%         N/A       19%         2
 Passwall                 Tmut/Erth      0%         N/A       19%         2
 Poisonous Vapours        Pois/Air       0%         N/A       19%         2
 Stone Arrow              Conj/Erth      0%         3d7       34%         3
 Summon Guardian Golem    Hex/Summ       0%         N/A       34%         3
 Agony                    Necr           0%         N/A       96%         5
 Excruciating Wounds      Necr           0%         N/A       96%         5
 Orb of Destruction       Conj           0%         9d5       100%        7
 Spellforged Servitor     Conj/Summ      0%         N/A       100%        7


Dungeon Overview and Level Annotations

Branches:
Dungeon (6/15)             Temple (0/1) D:6

Altars:
Ashenzari
Gozag
Hepliaklqana
Makhleb
Nemelex Xobeh
Zin

Shops:
D:1 :   D:2 (   D:6 *


Innate Abilities, Weirdness & Mutations

Your mind is acute. (Int +2)
Your flesh is heat resistant. (rF+)
Your muscles are strong. (Str +2)


Message History

You hit the phantom but do no damage.
The phantom is almost destroyed.
The phantom hits you.
The phantom blinks!
You blink.
You enter a teleport trap!
The teleport trap disappears.
Your surroundings suddenly seem different.
You start resting.
HP restored.
No target in view!
No target in view!
The water moccasin hisses angrily.
The water moccasin bites you but does no damage. x2
You hit the water moccasin. You burn the water moccasin.
The water moccasin is moderately wounded.
The water moccasin bites you.
The wight throws a stone.
The stone hits you!
You closely miss the water moccasin.
The water moccasin is moderately wounded.
The water moccasin closely misses you.
The wight throws a stone.
The stone hits you! The water moccasin misses you.
You slice the water moccasin!! You burn the water moccasin!
You kill the water moccasin!
Your Long Blades skill increases to level 11!
The wight hits you with a +5 hand axe!
You feel drained.
You barely miss the wight. The wight closely misses you.
You hit the wight. You burn the wight.
The wight is lightly damaged.
The wight hits you with a +5 hand axe.
You feel drained.
You hit the wight but do no damage.
The wight is lightly damaged.
The wight hits you with a +5 hand axe!
* * * LOW HITPOINT WARNING * * *
You barely miss the wight.
The wight is lightly damaged.
The wight hits you with a +5 hand axe!
* * * LOW HITPOINT WARNING * * *
You barely miss the wight.
The wight is lightly damaged.
The wight hits you with a +5 hand axe.
* * * LOW HITPOINT WARNING * * *
You feel drained. The wight hits you with a +5 hand axe!
You die...

##...# # .#####...##.#....
######..####.. ....#...#####....
.<..#รท......#.###..........###.##
......###..................##...#
......# #.......(...............#
##...####.........>.............#
.#...###.........................
......###.....).................#
......#.........@z.....##.......#
....................).###.......#
.......##.........##....#.......'
......####.###.......#..........#
......##....##.......#..........#
.#........................####..#
##.........................####..
##..#........................#.#
####...........................


You could see a wight.

Vanquished Creatures
  A steam dragon (D:6)
  2 water moccasins
  4 black bears
  3 ogres
  2 phantoms (D:5)
  2 scorpions (D:5)
  3 necrophages
  2 wights (D:6)
  A jelly (D:5)
  A hound (D:6)
  3 orc wizards (D:5)
  5 gnolls
  9 adders
  A white imp (D:6)
  4 dart slugs
  6 orcs
  4 ball pythons
  6 bats
  6 endoplasms
  2 giant cockroaches
  6 goblins
  6 hobgoblins
  4 kobolds
  2 quokkas
  5 frilled lizards
  7 rats
97 creatures vanquished.

Vanquished Creatures (others)
  An orc (D:6)
1 creature vanquished.

Grand Total: 98 creatures vanquished

Notes
Turn   | Place    | Note
-------+----------+-------------------------------------------
     0 | D:1      | Armakuni the Human Wanderer began the quest for the Orb.
     0 | D:1      | Armakuni set off with the following items: a +0 vorpal hand
                  | crossbow, a +0 falchion, 11 poisoned darts, a +0 dagger, a
                  | scroll of blinking, a +0 leather armour
     0 | D:1      | Reached XP level 1. HP: 15/15 MP: 1/1
    80 | D:1      | Reached XP level 2. HP: 16/21 MP: 2/2
   276 | D:1      | Found Teecw's Book Boutique.
   572 | D:1      | Found a faded altar of an unknown god.
   585 | D:1      | Reached skill level 2 in Long Blades
   585 | D:1      | Reached XP level 3. HP: 26/27 MP: 3/3
  1129 | D:1      | Reached XP level 4. HP: 18/34 MP: 4/4
  1507 | D:2      | Found Piepn's Antique Weapon Shop.
  1769 | D:2      | Reached skill level 3 in Long Blades
  2072 | D:3      | Reached XP level 5. HP: 26/40 MP: 5/5
  2445 | D:3      | Found a broken altar of Ashenzari.
  2561 | D:3      | Reached skill level 4 in Long Blades
  3062 | D:4      | Noticed an ogre
  3092 | D:4      | Killed an ogre
  3093 | D:4      | Reached skill level 5 in Long Blades
  3093 | D:4      | Reached XP level 6. HP: 36/46 MP: 6/6
  3776 | D:4      | Found a burning altar of Makhleb.
  3871 | D:4      | Noticed a black bear
  3884 | D:4      | Killed a black bear
  4332 | D:5      | Entered Level 5 of the Dungeon
  4350 | D:4      | Reached skill level 6 in Long Blades
  4350 | D:4      | Reached XP level 7. HP: 39/51 MP: 7/7
  4507 | D:5      | Found a sparkling altar of Nemelex Xobeh.
  4756 | D:5      | Reached skill level 7 in Long Blades
  4877 | D:4      | Gained mutation: Your muscles are strong. (Str +2) [potion
                  | of mutation]
  4877 | D:4      | Gained mutation: Your flesh is heat resistant. (rF+)
                  | [potion of mutation]
  4877 | D:4      | Gained mutation: Your mind is acute. (Int +2) [potion of
                  | mutation]
  5175 | D:2      | Bought a glowing great sword for 256 gold pieces
  5405 | D:5      | Noticed a water moccasin
  5409 | D:5      | Reached XP level 8. HP: 45/57 MP: 8/8
  5412 | D:5      | Reached skill level 8 in Long Blades
  6314 | D:5      | Reached skill level 9 in Long Blades
  6430 | D:6      | Found Xiyc's General Store.
  6759 | D:6      | Found an opulent altar of Gozag.
  6760 | D:6      | Found a hazy altar of Hepliaklqana.
  6802 | D:6      | Reached skill level 10 in Long Blades
  6802 | D:6      | Reached XP level 9. HP: 62/62 MP: 9/9
  6808 | D:6      | Found a staircase to the Ecumenical Temple.
  6808 | D:6      | Noticed a two-headed ogre
  7243 | D:6      | Found a glowing silver altar of Zin.
  7384 | D:6      | Reached skill level 11 in Long Blades
  7391 | D:6      | HP: 2/58 [wight/+5 hand axe (2)]
  7391 | D:6      | Mangled by a wight

Illustrated notes

Levels and vault maps discovered:
D:1:      matt_arrival_los_fun, layout_loops_ring, serial_shops,
          nicolae_diamond_shop, ebering_ecumenical_altar_box, st_stairs_10,
          minmay_hedge_maze, minmay_tetromino_t4
D:2:      layout_rooms, serial_shops, shop_statue
D:3:      layout_loops_ring, mainiacjoe_overflow_brackets
D:4:      layout_gridville, mainiacjoe_overflow_cross_hatched,
          chequers_serial_rivers_large_a
D:5:      layout_basic, nemelex_xobeh_ov_fountains_minmay
D:6:      layout_cave_pools, lemuel_tele_altar,
          gammafunk_temple_overflow_statue, minmay_temple_entry_glassed_door,
          serial_shops, nicolae_shop_crystal

Skill      XL: |  1  2  3  4  5  6  7  8  9 |
---------------+----------------------------+-----
Fighting       | 2 |  2.8
Long Blades    | 2 3 5 6 7 10 11 | 11.1
Crossbows      | |  2.0
Throwing       | |  4.0
Armour         | |  1.0
Stealth        | |  1.0

Action                   |  1- 3 |  4- 6 |  7- 9 || total
-------------------------+-------+-------+-------++-------
Melee: Falchion          |    58 |   149 |    13 ||   220
       Punch             |     1 |       |       ||     1
       Scimitar          |       |       |    15 ||    15
       Great sword       |       |       |   100 ||   100
Throw: Dart              |    15 |    31 |     3 ||    49
  Use: Scroll            |     2 |     8 |     5 ||    15
       Potion            |       |     2 |     5 ||     7
 Stab: Sleeping          |     3 |     3 |     2 ||     8
Armor: Leather armour    |    21 |    47 |    52 ||   120
       Ring mail         |       |     8 |       ||     8
Dodge: Dodged            |    50 |   104 |    77 ||   231

Table legend: (Time is in decaauts)
 A = Elapsed time spent in this place.
 B = Non-inter-level travel time spent in this place.
 C = Inter-level travel time spent in this place.
 D = Time resting spent in this place.
 E = Time spent auto-exploring this place.
 F = Levels seen in this place.
 G = Mean time per level.
                   A        B        C        D        E       F      G
               +--------+--------+--------+--------+--------+-----+--------+
         Total |   7451 |   7018 |    433 |   1827 |   3605 |   6 | 1241.8 |
       Dungeon |   7451 |   7018 |    433 |   1827 |   3605 |   6 | 1241.8 |
               +--------+--------+--------+--------+--------+-----+--------+

Top non-repeatable levels by time:
     D:5: 1918 daAuts
     D:4: 1581 daAuts
     D:3: 1337 daAuts
     D:1: 1277 daAuts
     D:6: 714 daAuts
     D:2: 622 daAuts
